 Dungeon Crawl Stone Soup version 0.28.0-53-g5a82cb258f (webtiles) character file.

Game seed: 10094706968065148209

178 sanboga the Chopper (level 5, 0/47 HPs)
             Began as a Minotaur Berserker on Aug 17, 2022.
             Was a Believer of Trog.
             Slain by a gnoll
             ... wielding a +0 flail
              (8 damage)
             ... on level 4 of the Dungeon.
             The game lasted 00:02:31 (3850 turns).

sanboga the Chopper (Minotaur Berserker)            Turns: 3850, Time: 00:02:31

Health: 0/47       AC:  4    Str: 23    XL:     5   Next: 32%
Magic:  4/4        EV:  6    Int: 10    God:    Trog [**....]
Gold:   136        SH:  0    Dex: 10    Spells: 4/4 levels left

rFire   . . .      SeeInvis .   a - +0 hand axe
rCold   . . .      Faith    .   (no shield)
rNeg    . . .      Spirit   .   b - +0 animal skin
rPois   .          Reflect  +   (helmet restricted)
rElec   .          Harm     .   c - +0 cloak
rCorr   .          Rampage  .   o - +0 pair of gloves
Will    .....                   (no boots)
Stlth   +.........              r - amulet of reflection
HPRegen 0.15/turn               q - +6 ring of intelligence
MPRegen 0.09/turn               (no ring)

@: brilliant, held
A: horns 2, retaliatory headbutt
a: Renounce Religion, Berserk, Trog's Hand


You were on level 4 of the Dungeon.
You worshipped Trog.
Trog was pleased with you.
You visited 1 branch of the dungeon, and saw 4 of its levels.

You collected 136 gold pieces.

Inventory:

Hand Weapons
 a - a +0 hand axe (weapon)
Armour
 b - a +0 animal skin (worn)
 c - a +0 cloak (worn)
 o - a +0 pair of gloves (worn)
Jewellery
 q - a +6 ring of intelligence (left hand)
 r - an amulet of reflection (around neck)
Scrolls
 d - a scroll of fear {unknown}
 f - a scroll of enchant armour {unknown}
 h - a scroll of enchant weapon {unknown}
 i - a scroll of amnesia {unknown}
 m - a scroll of teleportation {unknown}
 n - 2 scrolls of identify {unknown}
Potions
 e - a potion of cancellation
 g - a potion of ambrosia {unknown}
 j - a potion of degeneration {unknown}
 k - a potion of lignification {unknown}
 l - a potion of brilliance
 p - 2 potions of curing


   Skills:
 + Level 4.8 Fighting
 * Level 5.8 Axes
 + Level 3.9 Armour
 - Level 2.1 Dodging


You had 4 spell levels left.
You didn't know any spells.
Your spell library was empty.

Dungeon Overview and Level Annotations

Branches:
Dungeon (4/15)
 Temple: D:4-7

Altars:
Ashenzari
Trog
Uskayaw
Vehumet


Innate Abilities, Weirdness & Mutations

You have a pair of horns on your head.
You reflexively headbutt those who attack you in melee.


Message History

Keep equipping yourself?
You are poisoned.
You continue putting on your amulet of reflection.
You feel very sick.
The orc hits you with a +2 short sword of venom.
You are more poisoned.
You continue putting on your amulet of reflection.
You feel very sick.
The gnoll shouts!
You hear a shout!
The gnoll hits you with a +0 flail. The orc closely misses you.
You continue putting on your amulet of reflection.
You feel very sick. The gnoll hits you but does no damage.
The orc hits you with a +2 short sword of venom.
You continue putting on your amulet of reflection.
You feel sick. The gnoll closely misses you. The orc misses you.
You finish putting on your amulet of reflection.
You feel a shielding aura gather around you.
r - an amulet of reflection (around neck)
You hit the orc. You headbutt the orc.
You kill the orc!
Trog accepts your kill.
You hit the gnoll.
You feel sick. You block the gnoll's attack.
The gnoll throws a throwing net.
The throwing net hits you.
You become entangled in the net!
It was a potion of cancellation.
You feel magically purged.
You feel sick. The gnoll barely misses you. You furiously retaliate!
You headbutt the gnoll!
You kill the gnoll!
Trog accepts your kill.
It was a potion of brilliance.
You feel clever all of a sudden.
You feel sick. The gnoll hits you with a +0 whip.
* * * LOW HITPOINT WARNING * * *
The gnoll hits you but does no damage.
You struggle against the net.
You feel sick. The gnoll completely misses you.
The gnoll hits you with a +0 flail!
* * * LOW HITPOINT WARNING * * *
It was a potion of curing.
You feel better. The gnoll hits you but does no damage.
The gnoll hits you with a +0 flail!
You die...

...# .....# # .....# #.
.....# #. .....#
#.###.....#
#.........########## #
#..@......##........
##.#ggg....####.######.
......_8_...# #.#...##.
####..._....# #.#.#....
###........# #.#.#####
.[.........# #.#.#
g...>......####.#.#
.....#.........#.#.#
.#####......##.#.#.#


You could see 3 gnolls.

Vanquished Creatures
  Jessica (D:3)
  4 gnolls
  4 adders (D:2)
  2 worms (D:2)
  3 dart slugs
  An orc (D:4)
  A ball python (D:2)
  9 endoplasms
  4 giant cockroaches
  8 goblins
  2 hobgoblins
  7 jackals
  A quokka (D:2)
  4 bats
  4 frilled lizards
  2 kobolds
  8 rats
65 creatures vanquished.

Notes
Turn   | Place    | Note
-------+----------+-------------------------------------------
     0 | D:1      | sanboga the Minotaur Berserker began the quest for the Orb.
     0 | D:1      | Reached XP level 1. HP: 19/19 MP: 0/0
   243 | D:1      | Reached skill level 4 in Axes
   247 | D:1      | Reached XP level 2. HP: 27/27 MP: 1/1
   663 | D:1      | Found a faded altar of an unknown god.
  1074 | D:2      | Reached XP level 3. HP: 9/33 MP: 2/2
  1807 | D:2      | Reached skill level 5 in Axes
  1807 | D:2      | Reached XP level 4. HP: 21/40 MP: 3/3
  2271 | D:2      | Reached ** piety under Trog
  3072 | D:3      | Noticed Jessica
  3084 | D:3      | Killed Jessica
  3085 | D:3      | Reached XP level 5. HP: 36/47 MP: 4/4
  3826 | D:4      | Found a broken altar of Ashenzari.
  3828 | D:4      | Found a radiant altar of Vehumet.
  3829 | D:4      | Found a hide-covered altar of Uskayaw.
  3829 | D:4      | Found a bloodstained altar of Trog.
  3850 | D:4      | Slain by a gnoll

Illustrated notes

Levels and vault maps discovered:
D:1:      dpeg_arrival_rooms_with_view, layout_loops_corners,
          shapermc_ecumenical_altar_pompeii, grunt_decor_fettered, st_stairs_12
D:2:      minmay_razor_zed, layout_loops_ring
D:3:      wad_lake_hut, layout_basic, minmay_misc_feat_four_crosses,
          uniq_jessica
D:4:      layout_basic, chequers_temple_overflow_statue_of_worship,
          serial_shops, nicolae_square_shop

Skill      XL: |  1  2  3 |
---------------+----------+-----
Axes           | 4 5 |  5.8
Fighting       | 4 |  4.8
Armour         | 3 |  3.9
Dodging        | |  2.1

Action                   |  1- 3 |  4- 6 || total
-------------------------+-------+-------++-------
Melee: Hand axe          |    64 |    64 ||   128
       Headbutt          |    12 |     9 ||    21
       Punch             |       |     1 ||     1
Invok: Berserk           |     1 |       ||     1
  Use: Potion            |       |     3 ||     3
 Stab: Sleeping          |     3 |       ||     3
Armor: Animal skin       |     9 |    17 ||    26
Dodge: Dodged            |    30 |    44 ||    74
Block: Other             |       |     1 ||     1
